 Dungeon Crawl Stone Soup version 0.28.0-45-g0d030f2227 (webtiles) character file.

Game seed: 14721236352435688420

12593 pkoi the Zephyrmancer (level 11, -11/46 HPs)
             Began as a Spriggan Air Elementalist on Apr 21, 2022.
             Was an Elder of Hepliaklqana.
             Mangled by a komodo dragon (27 damage)
             ... on level 2 of the Lair of Beasts.
             The game lasted 00:28:15 (20676 turns).

pkoi the Zephyrmancer (Spriggan Air Elementalist)  Turns: 20676, Time: 00:28:16

Health: -11/46     AC:  7    Str:  8    XL:     11   Next: 64%
Magic:  9/26       EV: 26    Int: 23    God:    Hepliaklqana [****..]
Gold:   581        SH:  0    Dex: 22    Spells: 13/30 levels left

rFire   . . .      SeeInvis +   v - +6 mace of Pajeesim {spect, Str+4 Int+2}
rCold   . . .      Faith    .   (no shield)
rNeg    . . .      Spirit   .   H - +1 steam dragon scales
rPois   .          Reflect  .   (helmet restricted)
rElec   .          Harm     .   f - +0 cloak
rCorr   .          Rampage  .   (gloves unavailable)
Will    +....                   (boots unavailable)
Stlth   ++++......              B - amulet of regeneration
HPRegen 0.95/turn               n - +4 ring of evasion
MPRegen 0.20/turn               r - +6 ring of dexterity

@: very quick
A: reduced essence, very small, no large weapons, unfitting armour, see
invisible, speed 3
a: Renounce Religion, Recall Ancestor, Ancestor Identity, Transference, Idealise


You were on level 2 of the Lair of Beasts.
You worshipped Hepliaklqana.
Hepliaklqana was greatly pleased with you.
You visited 3 branches of the dungeon, and saw 14 of its levels.

You collected 711 gold pieces.
You spent 130 gold pieces at shops.

Inventory:

Hand Weapons
 c - a +0 dagger of venom
 v - the +6 mace of Pajeesim (weapon) {spect, Str+4 Int+2}
   (You found it on level 5 of the Dungeon)

   When its wielder attacks, the weapon's spirit leaps out and strikes again.
   The spirit shares a part of any damage it takes with its wielder.
   Str:       It affects your strength (+4).
   Int:       It affects your intelligence (+2).
 D - a +0 dagger of flaming
 F - a +2 short sword of venom
Missiles
 k - 6 javelins
 E - 7 poisoned darts
Armour
 a - a +0 robe
 f - a +0 cloak (worn)
 x - a +2 robe of positive energy
 H - +1 steam dragon scales (worn)
Magical Staves
 y - a staff of conjuration
Jewellery
 m - a ring of ice
 n - a +4 ring of evasion (left hand)
 r - a +6 ring of dexterity (right hand)
 A - a ring of willpower
 B - an amulet of regeneration (around neck)
 I - a ring of protection from fire
Wands
 e - a wand of iceblast (3)
 i - a wand of mindburst (15)
 p - a wand of polymorph (10)
 s - a wand of flame (33)
 C - a wand of paralysis (26)
 G - a wand of digging (4)
 J - a wand of acid (4)
Scrolls
 b - a scroll of holy word
 d - 3 scrolls of identify
 j - 3 scrolls of teleportation
 q - a scroll of fear
 z - a scroll of blinking
Potions
 g - a potion of berserk rage
 h - 3 potions of resistance
 l - a potion of ambrosia
 o - 2 potions of haste
 t - 6 potions of curing
 u - 2 potions of heal wounds
 w - 3 potions of flight
 K - a potion of invisibility {unknown}


   Skills:
 + Level 3.1 Fighting
 - Level 6.0 Dodging
 + Level 8.5 Stealth
 + Level 10.3 Spellcasting
 - Level 0.6 Conjurations
 - Level 7.0 Translocations
 + Level 3.5 Transmutations
 + Level 12.0 Air Magic
 + Level 2.4 Poison Magic
 - Level 6.0 Evocations


You had 13 spell levels left.
You knew the following spells:

 Your Spells              Type           Power      Damage    Failure   Level
a - Shock                 Conj/Air       100%       1d9       1%          1
b - Static Discharge      Conj/Air       41%        N/A       1%          2
c - Airstrike             Air            30%        N/A       1%          4
d - Passage of Golubria   Tloc           44%        N/A       3%          4
e - Apportation           Tloc           88%        N/A       1%          1
f - Alistair's Intoxicat  Tmut/Pois      16%        N/A       41%         5

Your spell library contained the following spells:

 Spells                   Type           Power      Damage    Failure   Level
 Swiftness                Air            61%        N/A       1%          3
 Silence                  Hex/Air        19%        N/A       13%         5
 Lehudib's Crystal Spear  Conj/Erth      6%         10d3      100%        8


Dungeon Overview and Level Annotations

Branches:
Dungeon (9/15)             Temple (1/1) D:6            Lair (4/6) D:9
  Swamp: Lair:2-4    Shoals: Lair:2-4     Snake: Lair:2-4    Spider: Lair:2-4
    Orc: D:9-12

Altars:
Ashenzari
Cheibriados
Dithmenos
Elyvilon
Fedhas
Gozag
Hepliaklqana
Kikubaaqudgha
Makhleb
Okawaru
Qazlal
Ru
Sif Muna
Trog
Uskayaw
Vehumet
Wu Jian
Xom
Zin
Beogh

Shops:
D:4 =!!

Annotations:
Lair:1 1 runed translucent door, safid's ghost, journeyman HOFi
Lair:4 1 runed translucent door, Malificent's ghost, journeyman DsSu


Innate Abilities, Weirdness & Mutations

Your life essence is reduced to manifest your ancestor. (-10% HP)
You are very small and have problems with some larger weapons.
You are too small for most types of armour.
You have supernaturally acute eyesight. (SInv)
You cover ground extremely quickly. (Speed+++)


Message History

Delilah hits the komodo dragon with a +0 flail!
The komodo dragon dies!
Unknown command.
You start resting.
A komodo dragon comes into view.
A komodo dragon is nearby!
A komodo dragon is nearby!
A bullfrog comes into view.
Found an escape hatch in the ceiling.
A bullfrog comes into view.
The komodo dragon hisses menacingly.
You hit the komodo dragon but do no damage.
Your +6 mace of Pajeesim {spect, Str+4 Int+2} hits the komodo dragon.
The komodo dragon bites you!!
* * * LOW HITPOINT WARNING * * *
Delilah barely misses the komodo dragon.
The komodo dragon closely misses you.
Unknown command.
You hit the komodo dragon.
The komodo dragon is lightly wounded.
Your +6 mace of Pajeesim {spect, Str+4 Int+2} hits the komodo dragon!
Delilah hits the komodo dragon with a +0 flail.
The komodo dragon closely misses you.
Unknown command.
You hit the komodo dragon but do no damage.
The komodo dragon is heavily wounded.
Your +6 mace of Pajeesim {spect, Str+4 Int+2} hits the komodo dragon!
Delilah closely misses the komodo dragon.
The komodo dragon misses you.
Delilah closely misses the komodo dragon.
Unknown command.
You hit the komodo dragon.
The komodo dragon is almost dead.
Your +6 mace of Pajeesim {spect, Str+4 Int+2} barely misses the komodo dragon.
The komodo dragon bites you!
* * * LOW HITPOINT WARNING * * *
Delilah hits the komodo dragon with a +0 flail.
The komodo dragon bites you!!
Ouch! That really hurt!
You die...

....^.#.F.......
.................
..................
................
#.............[
.####.............
.............(....
........lR.......
#<......(@...#..
.P.##P....>†.# ..
##............ .
.......>.......
P.#####......... ⌠
#.........
#.#..#.$..
#......... #.
#......


You could see the friendly Delilah the knight, a komodo dragon (ally target) and
a friendly +6 mace of Pajeesim {spect, Str+4 Int+2} (summoned).

Vanquished Creatures
  A hydra (Lair:1)
  2 cane toads
  Joseph (D:7)
  Maggie (D:7)
  Psyche (D:9)
  A rime drake (Lair:4)
  2 komodo dragons (Lair:1)
  2 trolls (D:9)
  A hornet (D:8)
  11 yaks
  Sigmund (D:5)
  A wyvern (D:9)
  Eustachio (D:5)
  A basilisk (D:9)
  Duvessa (D:7)
  4 water moccasins
  3 orc warriors
  A sky beast (D:6)
  3 ice beasts
  A black bear (D:5)
  A wolf (Lair:2)
  A necrophage (D:7)
  A centaur (D:8)
  2 ogres (D:4)
  A phantom (D:5)
  A gnoll sergeant (D:7)
  2 scorpions
  5 bullfrogs
  Dowan (D:7)
  12 wights
  An electric eel (D:9)
  A howler monkey (D:6)
  3 centaur zombies
  A jelly (D:5)
  6 hounds
  Crazy Yiuf (D:5)
  2 centaur skeletons
  4 orc wizards
  3 iguanas
  A howler monkey zombie (D:9)
  A howler monkey skeleton (D:7)
  14 gnolls
  12 adders
  A shadow imp (D:7)
  A white imp (D:7)
  4 ufetubi
  2 worms
  2 dart slugs
  43 orcs
  3 endoplasms
  7 giant cockroaches
  12 goblins
  6 hobgoblins
  12 jackals
  3 quokkas
  8 ball pythons
  10 bats
  A frilled lizard (D:2)
  15 kobolds
  5 rats
252 creatures vanquished.

Vanquished Creatures (collateral kills)
  A komodo dragon (Lair:2)
  A rime drake (Lair:1)
  A wyvern (D:9)
  8 yaks
  2 water moccasins
  2 orc warriors
  A black bear (D:7)
  2 ogres
  2 wolves (D:9)
  A bullfrog (Lair:1)
  A scorpion (D:6)
  A kobold brigand (D:7)
  4 wights
  2 hounds (D:9)
  2 gnoll shamans
  2 orc priests (D:8)
  A howler monkey zombie (D:9)
  2 gnolls
  3 orcs (D:8)
  A kobold (D:7)
40 creatures vanquished.

Vanquished Creatures (others)
  5 knights
  6 ancestors
  9 fungi
  21 plants
41 creatures vanquished.

Grand Total: 333 creatures vanquished

Notes
Turn   | Place    | Note
-------+----------+-------------------------------------------
     0 | D:1      | pkoi the Spriggan Air Elementalist began the quest for the
                  | Orb.
     0 | D:1      | Reached XP level 1. HP: 9/9 MP: 5/5
   274 | D:1      | Reached skill level 3 in Air Magic
   328 | D:1      | Reached XP level 2. HP: 13/13 MP: 2/6
  1171 | D:1      | Reached XP level 3. HP: 16/16 MP: 2/8
  1814 | D:2      | Reached skill level 4 in Air Magic
  1949 | D:2      | Learned a level 2 spell: Static Discharge
  2193 | D:2      | Reached XP level 4. HP: 18/21 MP: 2/9
  3408 | D:3      | Learned a level 4 spell: Airstrike
  3854 | D:3      | You fall into a shaft and drop 3 floors!
  3854 | D:6      | Noticed a water moccasin
  3854 | D:6      | Found a staircase to the Ecumenical Temple.
  3858 | Temple   | Entered the Ecumenical Temple
  4049 | Temple   | Became a worshipper of Hepliaklqana the Forgotten
  4121 | D:6      | Noticed an ogre
  4196 | D:5      | Entered Level 5 of the Dungeon
  4245 | D:5      | Noticed Sigmund
  4247 | D:5      | Noticed a phantom
  4271 | D:5      | Noticed an ice beast
  4395 | D:5      | Reached XP level 5. HP: 22/24 MP: 7/10
  4784 | D:3      | Found an opulent altar of Gozag.
  5493 | D:4      | Found Wooko's Distillery.
  5501 | D:4      | Reached skill level 5 in Air Magic
  5506 | D:4      | Bought a potion of heal wounds for 50 gold pieces
  5506 | D:4      | Bought a potion of mutation for 80 gold pieces
  5826 | D:4      | Reached skill level 5 in Stealth
  6003 | D:4      | Found a shadowy altar of Dithmenos.
  6147 | D:4      | Reached XP level 6. HP: 28/28 MP: 3/11
  6460 | D:4      | Found Vurchy's Distillery.
  6478 | D:4      | Found Ediam's Jewellery Emporium.
  6482 | D:4      | Noticed a +0 hand axe
  6483 | D:4      | Found a hide-covered altar of Uskayaw.
  6484 | D:4      | Noticed a +0 dagger
  6963 | D:4      | Reached skill level 5 in Dodging
  7557 | D:5      | Reached XP level 7. HP: 14/32 MP: 0/12
  8389 | D:5      | Reached skill level 6 in Air Magic
  8903 | D:5      | Noticed Eustachio
  8927 | D:5      | Killed Eustachio
  9058 | D:5      | Found a runed translucent door.
  9059 | D:5      | Noticed Crazy Yiuf
  9061 | D:5      | Identified the +6 mace of Pajeesim {spect, Str+4 Int+2}
  9213 | D:6      | Reached * piety under Hepliaklqana
  9315 | D:6      | Reached XP level 8. HP: 32/32 MP: 11/15
  9473 | D:6      | Reached skill level 7 in Air Magic
  9642 | D:5      | Reached skill level 5 in Spellcasting
 10175 | D:5      | Killed Sigmund
 10176 | D:5      | Reached skill level 8 in Air Magic
 10337 | D:5      | Killed Crazy Yiuf
 10471 | D:6      | Found a stormy altar of Qazlal.
 11291 | D:7      | Noticed Joseph
 11314 | D:7      | Killed Joseph
 11315 | D:7      | Reached skill level 9 in Air Magic
 11315 | D:7      | Reached XP level 9. HP: 35/35 MP: 2/20
 11450 | D:7      | Noticed Maggie
 11450 | D:7      | Noticed Dowan
 11451 | D:7      | Noticed Duvessa
 12020 | D:7      | Killed Duvessa
 12226 | D:7      | Killed Dowan
 12397 | D:7      | Killed Maggie
 12575 | D:7      | Found Inaox's Magic Scroll Boutique.
 12614 | D:7      | Reached skill level 10 in Air Magic
 12803 | D:7      | Learned a level 4 spell: Passage of Golubria
 12822 | D:7      | Reached skill level 1 in Translocations
 13047 | D:7      | Reached ** piety under Hepliaklqana
 13048 | D:7      | Remembered your ancestor Delilah as a knight
 14093 | D:8      | Reached XP level 10. HP: 39/39 MP: 9/23
 14103 | D:8      | Reached skill level 1 in Evocations
 14864 | D:8      | Reached skill level 11 in Air Magic
 14868 | D:8      | Reached skill level 5 in Translocations
 16148 | D:9      | Reached *** piety under Hepliaklqana
 16155 | D:9      | Noticed Psyche
 16158 | D:9      | Killed Psyche
 16159 | D:9      | Reached skill level 1 in Fighting
 17245 | D:9      | Reached XP level 11. HP: 45/45 MP: 12/25
 17401 | D:9      | Found a staircase to the Lair.
 17466 | D:9      | Found a shimmering altar of Xom.
 17715 | D:9      | Found a bloodstained altar of Trog.
 17716 | D:9      | Found a snail-covered altar of Cheibriados.
 17717 | D:9      | Found a white marble altar of Elyvilon.
 17718 | D:9      | Found a broken altar of Ashenzari.
 17819 | D:9      | Reached skill level 5 in Evocations
 18568 | Lair:1   | Entered Level 1 of the Lair of Beasts
 18661 | Lair:1   | Learned a level 1 spell: Apportation
 18667 | Lair:1   | Learned a level 5 spell: Alistair's Intoxication
 18744 | Lair:1   | Reached skill level 1 in Transmutations
 18873 | Lair:1   | Found a runed translucent door.
 18874 | Lair:1   | Noticed safid's ghost (journeyman HOFi)
 18952 | Lair:1   | Noticed a six-headed hydra
 18957 | Lair:1   | Killed a six-headed hydra
 18958 | Lair:1   | Reached skill level 10 in Spellcasting
 18958 | Lair:1   | Reached skill level 1 in Poison Magic
 20129 | Lair:2   | Reached **** piety under Hepliaklqana
 20199 | Lair:2   | You fall into a shaft and drop 2 floors!
 20410 | Lair:4   | Reached skill level 12 in Air Magic
 20527 | Lair:4   | Found a runed translucent door.
 20527 | Lair:4   | Found a shimmering altar of Xom.
 20527 | Lair:4   | Noticed Malificent's ghost (journeyman DsSu)
 20676 | Lair:2   | Mangled by a komodo dragon

Illustrated notes

Levels and vault maps discovered:
D:1:      wander_arrival_desolate, layout_loops_cross, minmay_crystal_room
D:2:      layout_loops_ring
D:3:      layout_basic, nicolae_gozag_cash_rules_everything_around_me
D:4:      layout_rooms, dancing_weapons_uskayaw, nicolae_dithmenos_the_darkroom,
          serial_shops, nicolae_stop_n_shop_2, shop, nicolae_stop_n_shop_2,
          eino_small_chamber_without_monster
D:5:      layout_basic, uniq_eustachio, uniq_sigmund, uniq_crazy_yiuf_cottage
D:6:      layout_loops_ring, nicolae_qazlal_eye_of_the_storm, temple_hall,
          lemuel_flamethrower_2
D:7:      layout_gridville, serial_shops, nicolae_shop_trees, uniq_maggie,
          uniq_duvessa, uniq_joseph
D:8:      layout_rooms, special_room [special_room_orc], minmay_misc_feat_iff
D:9:      layout_grid_maze, mainiacjoe_overflow_24_doors,
          mainiacjoe_overflow_alcove_3, erik_lair_island, uniq_psyche
Temple:   eino_temple_lava
Lair:1:   layout_big_grid, hellmonk_ghost_happy_afterlife, beast_lair_carwin_7,
          grunt_megastairs_2, lemuel_fruit_tree
Lair:2:   beast_lair_carwin_large_3, layout_cave_shapes, eino_house_with_fridge
Lair:3:   layout_small_grid, elwin_shoals_entry_rocks,
          hellmonk_spider_entry_life_and_decay, gammafunk_ghost_necromancy,
          chequers_serial_rivers_small_3, ldierk_geyser,
          minmay_lair_oklob_bushes, serial_bayou_shore_b
Lair:4:   layout_cave_pods, ebering_ghost_xom, chequers_serial_rivers_micro_d,
          serial_bayou_shore_a, lemuel_fruit_fields

Skill      XL: |  1  2  3  4  5  6  7  8  9 10 11 |
---------------+----------------------------------+-----
Air Magic      | 3 4 5 6 9 10 11 12 | 12.0
Dodging        | 3 4 5 6 |  6.0
Stealth        | 4 5 6 7 8 |  8.5
Spellcasting   | 4 6 8 9 10 | 10.3
Translocations | 3 6 7 |  7.0
Evocations     | 4 6 |  6.0
Fighting       | 1 3 |  3.1
Transmutations | 3 |  3.5
Poison Magic   | 2 |  2.4
Conjurations   | |  0.6

Action                   |  1- 3 |  4- 6 |  7- 9 | 10-12 || total
-------------------------+-------+-------+-------+-------++-------
Melee: Dagger            |     2 |    10 |     3 |       ||    15
       Staff             |       |       |    16 |     3 ||    19
       Mace              |       |       |     2 |     6 ||     8
 Cast: Shock             |    92 |   174 |   235 |   277 ||   778
       Static Discharge  |       |     2 |       |     4 ||     6
       Airstrike         |       |       |    43 |    74 ||   117
       Apportation       |       |       |       |     1 ||     1
Invok: Recall Ancestor   |       |       |     6 |     9 ||    15
       Ancestor Identity |       |       |     1 |       ||     1
       Ancestor Life: Kn |       |       |     1 |       ||     1
  Use: Scroll            |       |     7 |       |     8 ||    15
       Potion            |       |     5 |       |       ||     5
 Stab: Sleeping          |       |     4 |       |       ||     4
Armor: Robe              |     4 |     6 |     9 |       ||    19
       Steam dragon scal |       |       |     5 |     3 ||     8
Dodge: Dodged            |    24 |    27 |    78 |    69 ||   198
